 Dungeon Sprint DCSS version 0.21-a0-104-g7b58145 (webtiles) character file.

5429 Kidiri the Unseen (level 10, -9/53 HPs)
             Began as a Spriggan Enchanter on July 6, 2017.
             Was an Elder of Dithmenos.
             Mangled by a deep troll (17 damage)
             ... in the Dungeon (Sprint II: "The Violet Keep of Menkaure").
             The game lasted 00:11:02 (1280 turns).

Kidiri the Unseen (Spriggan Enchanter)              Turns: 1280, Time: 00:11:03

Health: -9/53      AC:  3    Str:  5 (6)  XL:     10   Next: 40%
Magic:  25/27      EV: 33    Int: 19      God:    Dithmenos [****..]
Gold:   470        SH:  4    Dex: 22      Spells: 22/34 levels left

rFire    . . .     SeeInvis +   a - +1 dagger
rCold    . . .     Gourm    .   (shield restricted)
rNeg     + + .     Faith    .   e - +1 robe of the Gate {rN++ MR- Str+2 Stlth+}
rPois    .         Spirit   .   (helmet restricted)
rElec    .         Reflect  +   (no cloak)
rCorr    .         Harm     .   (gloves unavailable)
MR       .....     NoTele   +   (boots unavailable)
Stlth    ++++++....             f - +4 amulet of reflection
HPRegen  0.17/turn              b - +4 ring of dexterity
MPRegen  0.20/turn              (no ring)

@: wreathed by umbra, slow
A: unfitting armour, see invisible, deterioration 1, herbivore 3, speed 3, slow
metabolism 2, no potion heal 1
a: Shadow Step, Renounce Religion


You were in the Dungeon.
You worshipped Dithmenos.
Dithmenos was greatly pleased with you.
You were not hungry.

You visited 1 branch You collected 1296 gold pieces.
You spent 826 gold pieces at shops.

Inventory:

Hand Weapons
 a - a +1 dagger (weapon)
Missiles
 k - a throwing net (quivered)
Armour
 e - the +1 robe of the Gate (worn) {rN++ MR- Str+2 Stlth+}
   (You bought it in a shop in the Dungeon)

   It affects your strength (+2).
   It greatly protects you from negative energy.
   It affects your resistance to hostile enchantments.
   It makes you more stealthy.
Jewellery
 b - a +4 ring of dexterity (left hand)
 f - a +4 amulet of reflection (around neck)
Scrolls
 j - a scroll of blinking
Potions
 g - a potion of haste
 i - a potion of berserk rage
Books
 c - a book of Maledictions

   Spells                             Type                      Level
   a - Corona                         Hexes                        1
   b - Ensorcelled Hibernation        Hexes/Ice                    2
   c - Confuse                        Hexes                        3
   d - Tukima's Dance                 Hexes                        3
   e - Dazzling Spray                 Conjuration/Hexes            3
Comestibles
 d - a bread ration
 h - a royal jelly


   Skills:
 + Level 6.2 Fighting
 * Level 11.5 Short Blades
 + Level 5.6 Armour
 * Level 14.6 Dodging
 * Level 15.8 Stealth
 * Level 12.5 Spellcasting
 + Level 9.9 Hexes
 + Level 4.3 Invocations


You had 22 spell levels left.
You knew the following spells:

 Your Spells              Type           Power        Failure   Level  Hunger
a - Corona                Hex            #####..      1%          1    None
b - Ensorcelled Hibernat  Hex/Ice        ####..       1%          2    None
c - Confuse               Hex            #####...     1%          3    None
d - Tukima's Dance        Hex            #####...     1%          3    None
e - Dazzling Spray        Conj/Hex       ####..       2%          3    None


Dungeon Overview and Level Annotations

Branches:
Dungeon (1/1)

Altars:
Cheibriados
Dithmenos
Elyvilon
Fedhas
Gozag
Hepliaklqana
Kikubaaqudgha
Makhleb
Nemelex Xobeh
Okawaru
Qazlal
Ru
Sif Muna
Trog
Uskayaw
Vehumet
Wu Jian
Xom
Yredelemnul
Zin
The Shining One
Beogh
Jiyva
Lugonu

Shops:
D :}!?[[[=%![(:=[*

Annotations:
D exclusion: oklob plant, Roxanne


Innate Abilities, Weirdness & Mutations

You are very small and have problems with some larger weapons.
You are too small for most types of armour.
You have supernaturally acute eyesight. (SInv)
You are a herbivore.
You cover ground extremely quickly.
You need consume almost no food.
Your body sometimes deteriorates upon taking damage.
Potions are less effective at restoring your health.


Message History

You enter the shallow water.
Moving in this stuff is going to be slow.
You see here 6 chunks of flesh.
The deep troll barely misses you. The deep troll misses you.
The deep troll completely misses you.
You open the door. The deep troll barely misses you. x2
The deep troll completely misses you.
Unknown command.
There is an open door here.
You enter the shallow water.
Moving in this stuff is going to be slow.
You close the door.
A deep troll opens the door.
You see here 5 chunks of flesh.
Unknown command.
Unknown command.
The deep troll bites you but does no damage.
The deep troll completely misses you. You block the deep troll's attack.
Really walk into a travel-excluded area?
You block the deep troll's attack. The deep troll claws you!
You die...

#+##..#.%####.# ...##.####.%+.###
)▓)))$?($?▓▓ .#..#
...#..#...####▓(?!$$=!?▓▓
.#.####..#####..##.#▓!)([!?)(▓▓
#+###.##..#..+..#..#▓?)$![?[!▓▓
#.##..##..#..#^.#..#▓%[[[$%([▓▓
.<.+.##+..####^.##)#▓($("[[![▓▓
#.##.#.#....###..T##▓▓▓▓▓▓▓+▓▓▓▓+
#+###.##.§.§§.≈≈@≈T≈≈≈≈%≈≈≈...≈≈≈
...####≈≈...§.≈#+########'###.≈≈≈
)#..#≈≈≈≈≈≈§.§§#.._._._.#§§≈## ≈
...##≈≈≈≈≈≈§≈§§#._._._..#§≈§§####
#+##≈≈≈≈§§≈§≈≈≈#_._._._.#§§§≈§##$
≈≈≈≈≈≈§≈§≈≈≈≈≈≈#._._._._#§≈§§≈≈#$
+#+++#≈≈§≈≈≈≈≈≈#.._._._.#§≈§§§≈'$
§§§§ ##≈≈§###≈≈#..._._._#≈§§§≈T#$
§§§§§§ #≈≈#...._._.#≈≈§§§≈▓$


You could see 2 deep trolls.

Vanquished Creatures
  A great orb of eyes (D)
  3 manticores (D)
  A merfolk siren (D)
  A yaktaur (D)
  3 polar bears (D)
  A hornet (D)
  5 hippogriffs (D)
  4 neqoxecs (D)
  Menkaure (D)
  A vampire mosquito (D)
  4 necrophages (D)
  3 crocodiles (D)
28 creatures vanquished.

Vanquished Creatures (others)
  A crocodile (D)
  27 tentacles (D)
28 creatures vanquished.

Grand Total: 56 creatures vanquished

Notes
Turn   | Place    | Note
-------+----------+-------------------------------------------
     0 | D        | Kidiri the Spriggan Enchanter began the quest for the Orb.
     0 | D        | Reached XP level 1. HP: 9/9 MP: 5/5
     1 | D        | Noticed a merfolk siren
     5 | D        | Noticed a hippogriff
     5 | D        | Noticed a hippogriff
     9 | D        | Noticed a necrophage
     9 | D        | Noticed a necrophage
     9 | D        | Noticed a necrophage
     9 | D        | Noticed a necrophage
    14 | D        | Killed a crocodile
    16 | D        | Killed a necrophage
    16 | D        | Reached skill level 1 in Fighting
    16 | D        | Reached skill level 1 in Armour
    16 | D        | Reached skill level 5 in Dodging
    16 | D        | Reached skill level 6 in Stealth
    16 | D        | Reached skill level 5 in Spellcasting
    16 | D        | Reached XP level 2. HP: 15/15 MP: 6/9
    16 | D        | Reached XP level 3. HP: 18/18 MP: 6/10
    16 | D        | Reached XP level 4. HP: 23/23 MP: 7/12
    24 | D        | Killed a necrophage
    24 | D        | Reached skill level 5 in Short Blades
    24 | D        | Reached skill level 8 in Stealth
    24 | D        | Reached skill level 5 in Hexes
    24 | D        | Reached XP level 5. HP: 27/27 MP: 7/14
    59 | D        | Killed a necrophage
    59 | D        | Reached skill level 9 in Stealth
    70 | D        | HP: 1/27 [necrophage (7)]
    92 | D        | Killed a necrophage
    92 | D        | Reached XP level 6. HP: 3/32 MP: 17/17
    96 | D        | Learned a level 2 spell: Ensorcelled Hibernation
   100 | D        | Learned a level 3 spell: Confuse
   104 | D        | Learned a level 3 spell: Tukima's Dance
   108 | D        | Learned a level 3 spell: Dazzling Spray
   126 | D        | Noticed Roxanne
   384 | D        | Noticed Menkaure
   385 | D        | Found Heotiaf's General Store.
   386 | D        | Killed Menkaure
   386 | D        | Reached skill level 10 in Stealth
   398 | D        | Noticed a neqoxec
   398 | D        | Noticed a neqoxec
   398 | D        | Noticed a neqoxec
   398 | D        | Noticed a neqoxec
   406 | D        | Killed a hippogriff
   406 | D        | Reached skill level 10 in Dodging
   406 | D        | Reached skill level 11 in Stealth
   406 | D        | Reached XP level 7. HP: 37/37 MP: 17/20
   412 | D        | Killed a hippogriff
   454 | D        | Killed a merfolk siren
   454 | D        | Reached skill level 12 in Stealth
   454 | D        | Reached XP level 8. HP: 42/42 MP: 20/22
   480 | D        | Reached skill level 10 in Spellcasting
   488 | D        | Gained mutation: Potions are less effective at restoring your health. [a neqoxec]
   491 | D        | HP: 2/42 [shadow imp[a neqoxec] (3)]
   491 | D        | Gained mutation: Your body sometimes deteriorates upon taking damage. [a neqoxec]
   496 | D        | Reached skill level 13 in Stealth
   809 | D        | Found Cenaem's Antique Armour Emporium.
   810 | D        | Found Ruli Pul's Book Shoppe.
   811 | D        | Found Koja's Distillery.
   811 | D        | Found Wakhir's Food Emporium.
   811 | D        | Found Oneutaf's Jewellery Shoppe.
   822 | D        | Found Waunn's Antique Armour Emporium.
   822 | D        | Found Tejachix's Armour Shoppe.
   824 | D        | Found Sauryifiak's Antique Weapon Shoppe.
   824 | D        | Found Qoryng's Magic Scroll Emporium.
   825 | D        | Found Qapp's Distillery.
   825 | D        | Found Qustuaf's Gadget Emporium.
   826 | D        | Found Ylud's Jewellery Shoppe.
   826 | D        | Found Avugiew's Antique Armour Emporium.
   827 | D        | Found Idoening's Antique Armour Emporium.
   829 | D        | Noticed a slime creature
   830 | D        | Noticed a slime creature
   830 | D        | Noticed a slime creature
   830 | D        | Noticed an oklob plant
   831 | D        | Found Toerry's Book Shoppe.
   832 | D        | Noticed a spiny frog
   833 | D        | Noticed a spiny frog
   839 | D        | Noticed an unseen horror
   890 | D        | Bought the +1 robe of the Gate {rN++ MR- Str+2 Stlth+} for 286 gold pieces
   903 | D        | Bought a +4 ring of dexterity for 270 gold pieces
   903 | D        | Bought a +4 amulet of reflection for 270 gold pieces
   937 | D        | Found a roughly hewn altar of Beogh.
   938 | D        | Found a hazy altar of Hepliaklqana.
   938 | D        | Found a snail-covered altar of Cheibriados.
   939 | D        | Found a viscous altar of Jiyva.
   939 | D        | Found a shadowy altar of Dithmenos.
   939 | D        | Found a stormy altar of Qazlal.
   940 | D        | Found a sacrificial altar of Ru.
   940 | D        | Found an ancient bone altar of Kikubaaqudgha.
   940 | D        | Found a white marble altar of Elyvilon.
   941 | D        | Found an ornate altar of the Wu Jian Council.
   941 | D        | Found a deep blue altar of Sif Muna.
   941 | D        | Found a corrupted altar of Lugonu.
   942 | D        | Found a shimmering altar of Xom.
   942 | D        | Found a bloodstained altar of Trog.
   942 | D        | Found a burning altar of Makhleb.
   943 | D        | Found a glowing golden altar of the Shining One.
   943 | D        | Found a basalt altar of Yredelemnul.
   943 | D        | Found a hide-covered altar of Uskayaw.
   945 | D        | Found a glowing silver altar of Zin.
   945 | D        | Found a radiant altar of Vehumet.
   945 | D        | Found a blossoming altar of Fedhas.
   945 | D        | Found a sparkling altar of Nemelex Xobeh.
   945 | D        | Noticed a hornet
   945 | D        | Noticed a polar bear
   946 | D        | Found an opulent altar of Gozag.
   946 | D        | Found an iron altar of Okawaru.
   946 | D        | Noticed a yaktaur
   949 | D        | Noticed a flying skull
   951 | D        | Became a worshipper of Dithmenos the Shadowed
   963 | D        | Noticed a polar bear
   965 | D        | Killed a polar bear
   965 | D        | Reached skill level 1 in Invocations
   967 | D        | Noticed a polar bear
   973 | D        | Killed a polar bear
   973 | D        | Reached skill level 5 in Fighting
   973 | D        | Reached XP level 9. HP: 36/47 MP: 3/24
   979 | D        | Reached * piety under Dithmenos
   981 | D        | Killed a yaktaur
   981 | D        | Reached skill level 10 in Short Blades
   981 | D        | Reached skill level 14 in Stealth
   983 | D        | Killed a polar bear
   999 | D        | Noticed a great orb of eyes
  1001 | D        | Killed a great orb of eyes
  1001 | D        | Reached ** piety under Dithmenos
  1001 | D        | Reached skill level 5 in Armour
  1018 | D        | Reached skill level 15 in Stealth
  1018 | D        | Reached XP level 10. HP: 47/53 MP: 20/27
  1035 | D        | Noticed a manticore
  1035 | D        | Noticed a manticore
  1035 | D        | Noticed a manticore
  1037 | D        | Killed a manticore
  1037 | D        | Reached *** piety under Dithmenos
  1038 | D        | Killed a manticore
  1042 | D        | Killed a manticore
  1053 | D        | Noticed a deep elf master archer
  1103 | D        | Noticed a kraken
  1147 | D        | Reached **** piety under Dithmenos
  1257 | D        | Noticed a deep troll
  1258 | D        | Noticed a deep troll
  1280 | D        | Mangled by a deep troll

Vault maps used:
D:        the_violet_keep_of_menkaure

Skill      XL: |  1  2  3  4  5  6  7  8  9 10 |
---------------+-------------------------------+-----
Fighting       | 1 2 3 4 5 6 |  6.2
Short Blades   | 3 5 6 7 8 9 10 11 | 11.5
Armour         | 1 2 3 4 5 |  5.6
Dodging        | 5 7 8 10 11 12 13 14 | 14.6
Stealth        | 6 8 9 11 12 13 15 | 15.8
Spellcasting   | 5 6 7 8 9 10 12 | 12.5
Hexes          | 4 5 6 7 8 9 |  9.9
Invocations    | 1 3 4 |  4.3

Action                   |  1- 3 |  4- 6 |  7- 9 | 10-12 || total
-------------------------+-------+-------+-------+-------++-------
Melee: Dagger            |     6 |    72 |    34 |     8 ||   120
 Cast: Corona            |       |     1 |       |       ||     1
       Ensorcelled Hiber |       |     1 |    11 |    10 ||    22
       Confuse           |       |       |     9 |       ||     9
       Dazzling Spray    |       |       |     4 |     1 ||     5
Invok: Shadow Step       |       |       |       |     1 ||     1
  Use: Potion            |     1 |     2 |     2 |       ||     5
 Stab: Sleeping          |       |     2 |     8 |     7 ||    17
       Confused          |       |       |     5 |       ||     5
       Invisible         |       |       |     3 |       ||     3
Armor: Robe              |     1 |       |     1 |     1 ||     3
Dodge: Dodged            |     2 |    55 |    40 |    29 ||   126
Block: Other             |       |       |     1 |     4 ||     5
